Map: Tempestad

Players

marcelo - Winner!

  • Race: Terran Terran
  • Spawn Location: 6:00

Naive

  • Race: Protoss Protoss
  • Spawn Location: 12:00

DoreanCL

  • Race: Protoss Protoss
  • Spawn Location: 5:00

Mentalissues

  • Race: Zerg Zerg
  • League: Silver
  • Spawn Location: 1:00

Javiercito

  • Race: Zerg Zerg
  • Spawn Location: 3:00

VOD

Have the link to the VOD?

Description

Time

  • Played on: Aug. 22, 2016, 12:03 p.m.
  • Length: 15:14
Show
View Real Time Build Order
Export as new Build Order

marcelo Terran - Winner!

Build Orders: MMM Bio 

Get SALT Encoding   

  12  0:01  SCV  
  13  0:13  SCV  
  14  0:22  Supply Depot  
  14  0:26  SCV  
  15  0:43  SCV  
  16  0:50  Barracks  
  16  0:56  Refinery, SCV  
  17  1:08  SCV  
  18  1:21  SCV  
  19  1:33  SCV  
  19  1:39  Supply Depot  
  20  1:45  Command Center, SCV  
  21  1:48  Barracks Reactor  
  21  2:07  Supply Depot  
  22  2:17  Orbital Command  
  21  2:24  Refinery  
  21  2:32  Marine x2  
  23  2:44  Factory, SCV  
  24  2:56  Marine x2  
  26  3:00  SCV  
  27  3:06  Orbital Command  
  27  3:07  Supply Depot  
  26  3:14  SCV  
  27  3:26  Barracks  
  27  3:30  Marine  
  27  3:31  Marine  
  27  3:32  Starport  
  29  4:04  Bunker  
  29  4:07  Orbital Command  
  29  4:11  Marine x2  
  29  4:14  Widow Mine  
  29  4:16  Medivac  
  35  4:18  Barracks Tech Lab  
  35  4:20  SCV  
  35  4:21  Barracks  
  36  4:35  SCV  
  37  4:40  SCV  
  38  4:46  Medivac  
  38  4:47  SCV  
  38  4:49  Marine x2  
  38  4:52  SCV  
  44  4:55  Marauder  
  46  5:03  Widow Mine  
  48  5:07  Marine x2  
  48  5:08  SCV x2  
  48  5:09  Barracks  
  52  5:31  Widow Mine  
  52  5:33  Marine x4  
  59  5:42  SCV  
  59  5:43  SCV  
  60  5:51  Marine x2, Refinery  
  62  6:02  Supply Depot  
  62  6:04  Barracks Reactor  
  62  6:10  Barracks Tech Lab  
  62  6:12  Supply Depot  
  62  6:18  Marauder, SCV  
  65  6:26  Engineering Bay  
  65  6:27  Starport Reactor  
  65  6:30  Stimpack  
  65  6:31  Combat Shields  
  65  6:33  Marine x3  
  65  6:39  Marine  
  69  6:46  Supply Depot, SCV  
  71  6:47  SCV  
  71  6:52  Engineering Bay  
  71  6:54  Supply Depot  
  71  7:02  Marauder x2  
  71  7:03  Marine x2  
  71  7:08  Marine x2  
  79  7:11  Widow Mine  
  79  7:13  Medivac  
  83  7:20  Supply Depot x2, Marine  
  83  7:22  Terran Infantry Armor Level 1  
  84  7:24  Marauder x2, Terran Infantry Weapons Level 1  
  84  7:28  Marine  
  84  7:29  SCV  
  91  7:30  Armory, SCV  
  91  7:39  Marine x2  
  91  7:41  Marine  
  94  7:45  Marauder x2  
  94  7:46  Marine  
  94  7:48  Factory Tech Lab  
  99  7:54  SCV x2  
  101  8:12  Marine  
  101  8:13  Marine x5  
  107  8:24  Siege Tank  
  110  8:28  Medivac x2  
  110  8:30  Marine  
  110  8:31  Marine x3  
  118  8:38  Supply Depot  
  118  8:42  SCV x2  
  118  8:43  Marauder x2  
  124  8:48  Marine  
  124  8:55  Supply Depot, SCV  
  126  8:56  Supply Depot  
  126  9:00  Siege Tank  
  129  9:04  Marauder x2  
  133  9:18  Supply Depot  
  125  9:47  Marine x4  
  125  9:48  Marine x2  
  125  10:05  Marine x4  
  125  10:06  Marauder x2  
  133  10:25  Marine x4  
  133  10:27  Marauder x2  
  133  10:28  Widow Mine  
  141  10:30  Medivac x2  
  141  10:32  SCV x2  
  149  10:43  Marine x2  
  149  10:44  SCV x2  
  149  10:49  Marauder x2  
  157  10:56  Widow Mine  
  141  11:19  Marine x6  
  147  11:37  Marine x6  
  150  11:54  Marine, Widow Mine  
  150  11:55  Marine x5  
  158  12:08  Terran Infantry Armor Level 2  
  158  12:09  Terran Infantry Weapons Level 2  
  158  12:35  Supply Depot  
  158  12:36  Supply Depot  
  158  12:56  Marine x6, Widow Mine  
  166  13:14  Marine  
  166  13:16  Marine x2  
  166  13:17  Marine x3  
  172  13:24  Medivac  
  174  14:16  Marine x2  
  174  14:17  Marine  
  174  14:18  Medivac, Marine x3  
  174  14:19  Widow Mine  
  174  14:21  Medivac  
  139  14:34  Marine x2  
  139  14:35  Marauder, Marine  
  139  14:36  Marine  
  139  14:37  Marauder  
  144  14:46  Command Center  
  144  14:51  Marine x2  
  149  14:54  Marine x2, Barracks  
  149  14:55  Barracks  
  149  14:56  Marine  
Show
View Real Time Build Order
Export as new Build Order

Naive Protoss 

Build Orders:  

Get SALT Encoding   

  13  0:07  Probe (Chrono Boost)  
  13  0:17  Probe (Chrono Boost)  
  13  0:21  Pylon  
  14  0:28  Probe (Chrono Boost)  
  15  0:37  Assimilator  
  15  0:55  Pylon  
  15  0:56  Probe (Chrono Boost)  
  16  1:06  Probe (Chrono Boost)  
  16  1:09  Assimilator  
  17  1:17  Probe (Chrono Boost)  
  18  1:27  Probe (Chrono Boost)  
  18  1:30  Gateway  
  19  1:38  Probe (Chrono Boost)  
  20  1:48  Probe (Chrono Boost), Gateway  
  21  1:59  Probe (Chrono Boost)  
  22  2:09  Probe (Chrono Boost)  
  22  2:11  Pylon  
  22  2:14  Pylon  
  23  2:18  Zealot  
  22  2:45  Zealot  
  24  3:03  Zealot  
  28  3:12  Zealot  
  23  3:30  Zealot  
  23  3:39  Zealot  
Show
View Real Time Build Order
Export as new Build Order

DoreanCL Protoss 

Build Orders:  

Get SALT Encoding   

  12  0:01  Probe (Chrono Boost)  
  13  0:11  Probe (Chrono Boost)  
  14  0:19  Pylon  
  14  0:26  Assimilator  
  15  0:28  Probe (Chrono Boost)  
  15  0:39  Probe (Chrono Boost)  
  16  0:52  Gateway  
  16  0:56  Gateway  
  16  1:06  Pylon  
  16  1:08  Probe (Chrono Boost)  
  17  1:22  Probe (Chrono Boost)  
  18  1:33  Probe (Chrono Boost)  
  19  1:41  Cybernetics Core  
  19  1:47  Forge  
  19  1:52  Zealot  
  21  1:58  Assimilator  
  21  1:59  Probe (Chrono Boost)  
  22  2:28  Nexus  
  22  2:31  Probe (Chrono Boost)  
  23  2:42  Adept, Probe (Chrono Boost)  
  26  2:45  Warp Gate  
  26  2:52  Probe (Chrono Boost)  
  27  3:03  Probe (Chrono Boost)  
  27  3:14  Mothership Core (Chrono Boost)  
  27  3:16  Adept  
  27  3:18  Protoss Ground Weapons Level 1  
  31  3:32  Pylon  
  31  3:40  Adept  
  33  3:45  Probe x2 (Chrono Boost)  
  35  3:50  Adept  
  38  4:03  Probe (Chrono Boost)  
  38  4:04  Probe (Chrono Boost)  
  39  4:18  Photon Cannon  
  39  4:19  Twilight Council  
  39  4:28  Robotics Facility  
  39  4:37  Stargate  
  39  4:42  Probe (Chrono Boost), Pylon  
  39  4:44  Probe (Chrono Boost)  
  41  4:53  Probe (Chrono Boost)  
  41  4:56  Probe (Chrono Boost)  
  43  5:03  Probe (Chrono Boost)  
  45  5:08  Probe (Chrono Boost)  
  45  5:11  Gateway x2  
  45  5:14  Gateway  
  44  5:34  Protoss Ground Weapons Level 2  
  44  5:45  Adept  
  44  5:46  Adept  
  49  5:50  Observer  
  49  5:51  Resonating Glaives  
  49  5:54  Oracle  
  52  6:10  Gateway  
  52  6:11  Gateway  
  52  6:20  Gateway  
  52  6:21  Gateway  
  52  6:23  Gateway  
  52  6:26  Gateway x2  
  52  6:27  Probe (Chrono Boost)  
  52  6:29  Probe (Chrono Boost)  
  52  6:30  Adept  
  52  6:31  Adept  
  58  6:47  Adept  
  58  6:48  Adept  
  62  6:59  Pylon  
  62  7:01  Pylon  
  62  7:04  Pylon  
  62  7:09  Pylon  
  50  7:49  Protoss Ground Weapons Level 3  
  46  7:58  Adept  
  46  7:59  Adept x4  
  56  8:16  Probe (Chrono Boost)  
  56  8:18  Probe (Chrono Boost)  
  55  8:42  Adept x2  
  55  8:47  Adept x3  
  56  9:28  Adept x4  
  56  9:29  Adept x4  
  56  9:30  Adept x2  
  62  9:39  Photon Cannon  
  62  9:41  Photon Cannon  
  56  9:54  Adept x5  
  56  9:55  Adept  
  62  10:03  Adept x4  
  62  10:04  Adept  
  72  10:13  Assimilator  
  72  10:16  Adept x3  
  72  10:17  Adept x3  
  72  10:18  Assimilator  
  84  10:29  Observer  
  84  10:32  Adept x2  
  84  10:33  Adept x2  
  93  10:45  Pylon  
  93  10:48  Pylon  
  93  10:50  Pylon  
  93  10:52  Pylon  
  93  10:54  Pylon  
  93  10:56  Pylon  
  84  10:58  Pylon  
  84  11:01  Pylon  
  78  11:05  Adept x5  
  78  11:06  Adept  
  48  11:13  Stalker  
  40  11:22  Adept x2  
  40  11:32  Stalker x2  
  42  11:54  Zealot x5  
  36  12:11  Gateway  
  36  12:13  Gateway  
  15  12:32  Gateway  
  14  12:37  Probe (Chrono Boost)  
  15  12:48  Probe (Chrono Boost)  
  17  12:58  Probe (Chrono Boost)  
  17  13:22  Cybernetics Core  
  17  13:43  Zealot  
  17  13:46  Zealot x2  
  21  14:18  Adept  
  21  14:19  Adept x2  
  19  14:55  Adept  
  19  14:56  Adept x2  
Show
View Real Time Build Order
Export as new Build Order

Mentalissues Zerg 

Build Orders: Pool Only 

Get SALT Encoding   

  12  0:01  Drone  
  13  0:16  Drone  
  13  0:19  Overlord  
  14  0:35  Drone, Extractor  
  13  0:38  Drone x2  
  16  0:51  Spawning Pool  
  16  0:55  Drone  
  16  1:02  Drone  
  17  1:20  Drone  
  18  1:37  Zergling x2  
  18  1:38  Zergling x2  
  18  1:39  Metabolic Boost  
  20  1:41  Queen  
  20  1:45  Overlord  
  22  1:50  Extractor  
  21  1:54  Zergling x2  
  22  2:05  Zergling x2  
  23  2:15  Zergling x2  
  24  2:19  Roach Warren  
  24  2:30  Zergling x2  
  24  2:43  Zergling x2  
  24  2:55  Zergling x8  
  22  3:36  Zergling x4  
  22  3:37  Zergling x2  
  24  3:49  Zergling x6  
  27  4:02  Roach  
  25  4:32  Baneling Nest  
  25  4:35  Baneling Nest  
  24  4:38  Spine Crawler  
  24  4:44  Spine Crawler  
  22  4:46  Roach x3  
  22  4:48  Overlord  
  22  4:51  Lair  
  28  5:16  Zergling x6  
  28  5:18  Baneling x4  
  31  5:27  Drone  
  31  5:28  Drone x2  
  34  5:29  Spine Crawler  
  33  5:48  Zergling x4  
  34  5:53  Baneling  
  34  5:54  Baneling x5  
  36  5:57  Roach  
  36  6:04  Queen  
  32  6:43  Zergling x6  
  35  6:48  Baneling x2  
  35  7:07  Spine Crawler  
  34  7:08  Baneling x2  
  34  7:09  Baneling x4  
  34  7:10  Roach  
  34  7:11  Roach  
  34  7:15  Overlord  
  38  7:23  Glial Reconstitution  
  38  7:32  Overlord  
  38  7:38  Drone  
  39  8:01  Zergling x4  
  39  8:02  Zergling x2  
  42  8:09  Evolution Chamber  
  40  8:20  Zergling x6  
  43  8:46  Roach x2  
  47  8:50  Drone  
  46  9:25  Roach x2  
  46  9:26  Roach  
  46  9:27  Overlord  
  52  9:38  Baneling x3  
  51  10:11  Spine Crawler  
  48  10:29  Roach x3  
  54  10:42  Queen  
  56  10:46  Roach  
  56  11:25  Ravager  
  57  11:27  Ravager  
  57  11:29  Ravager  
  57  11:31  Roach  
  54  12:19  Zergling x6  
  54  12:43  Baneling x4  
  54  12:44  Baneling x2  
Show
View Real Time Build Order
Export as new Build Order

Javiercito Zerg 

Build Orders: Hatch First 

Get SALT Encoding   

  12  0:01  Drone  
  13  0:12  Overlord  
  13  0:18  Drone  
  14  0:31  Drone  
  14  0:32  Drone  
  16  0:39  Drone  
  17  0:56  Hatchery  
  16  0:57  Drone  
  16  1:01  Drone  
  18  1:08  Drone  
  19  1:20  Spawning Pool  
  19  1:22  Extractor  
  19  1:23  Drone  
  18  1:34  Drone  
  19  1:51  Drone  
  19  1:52  Drone  
  21  2:00  Drone  
  22  2:08  Overlord  
  22  2:12  Queen  
  22  2:15  Queen  
  26  2:16  Zergling x2  
  27  2:34  Metabolic Boost  
  27  2:36  Zergling x8  
  31  2:47  Evolution Chamber  
  30  2:52  Evolution Chamber  
  29  2:58  Zergling x2  
  29  2:59  Zergling x6  
  33  3:05  Queen  
  33  3:07  Drone  
  33  3:09  Overlord  
  36  3:18  Overlord  
  36  3:19  Overlord  
  36  3:35  Zergling x6  
  36  3:36  Zergling x4  
  36  3:39  Drone  
  36  3:40  Drone  
  43  3:47  Zergling x4  
  45  3:54  Zerg Melee Weapons Level 1  
  45  4:03  Lair  
  45  4:12  Baneling Nest  
  45  4:14  Zergling x2  
  45  4:15  Zergling x2  
  46  4:36  Drone x4  
  46  4:37  Drone x4  
  54  4:44  Drone x2  
  56  4:56  Drone  
  57  5:06  Baneling  
  57  5:07  Baneling x6  
  57  5:17  Baneling  
  57  5:28  Zergling x4  
  57  5:29  Zergling x2  
  57  5:30  Overlord x3  
  57  5:31  Overlord  
  57  5:48  Extractor  
  56  5:54  Hydralisk Den  
  55  6:01  Extractor  
  54  6:06  Drone x3  
  54  6:07  Drone, Extractor  
  57  6:11  Drone  
  57  6:12  Drone x2  
  43  6:44  Hydralisk x3  
  43  6:45  Hydralisk  
  51  6:49  Drone x3, Overlord  
  54  6:55  Zergling x10  
  54  6:56  Zergling x2  
  60  7:07  Overseer  
  54  7:29  Overseer  
  48  7:31  Overseer  
  48  7:34  Drone x3  
  48  7:35  Drone x6  
  49  7:43  Drone  
  49  7:44  Drone  
  44  8:00  Hydralisk x3  
  44  8:01  Hydralisk x3  
  56  8:12  Zergling x8  
  60  8:15  Drone  
  60  8:19  Drone x2  
  64  8:20  Drone  
  53  8:38  Zergling x10  
  57  8:51  Muscular Augments  
  57  8:53  Zerg Ground Armor Level 1  
  56  9:02  Hydralisk  
  56  9:03  Hydralisk x2  
  56  9:07  Drone x6  
  63  9:25  Hydralisk  
  63  9:26  Hydralisk x4  
  73  9:46  Spire  
  71  9:53  Zergling x8  
  71  9:54  Zergling x10  
  80  10:05  Hydralisk x3  
  78  10:26  Hydralisk x5  
  88  10:29  Drone  
  88  10:31  Drone  
  90  10:57  Zerg Ground Armor Level 2  
  90  11:03  Zergling x4  
  92  11:04  Overlord x2  
  92  11:05  Overlord x3  
  92  11:36  Infestation Pit  
  92  11:38  Mutalisk x4  
  99  11:55  Zergling x2  
  99  11:56  Zergling x12  
  106  12:01  Overseer  
  106  12:17  Mutalisk x3  
  106  12:18  Mutalisk  
  105  12:56  Mutalisk x4  
  114  12:58  Zergling x8  
  114  12:59  Zergling x8  
  110  13:45  Zergling x8  
  113  13:55  Zergling x8  
  115  13:56  Zergling x6  
  115  14:00  Corruptor x2  
  108  14:35  Zergling x10  
  108  14:36  Zergling x2  
  108  14:37  Mutalisk x2  
Tags
 
Add a new tag
Caveats
  • Supply blocks, unpowered buildings, or Contaminate may cause inaccurate times.
  • Supply counts are checked every 10 seconds.